 Dungeon Crawl Stone Soup version 0.29-a0-845-g6161e89988 (webtiles) character file.

Game seed: 14223645015967361261

1155 jimonade the Trooper (level 8, 0/60 HPs)
             Began as a Djinni Fighter on July 15, 2022.
             Slain by a wight
             ... wielding a +4 scimitar of freezing
              (6 damage)
             ... on level 6 of the Dungeon.
             The game lasted 00:09:45 (7020 turns).

jimonade the Trooper (Djinni Fighter)               Turns: 7020, Time: 00:09:46

Health: 0/60       AC:  7    Str: 15    XL:     8   Next: 66%
Gold:   211        EV:  9    Int: 12    God:
                   SH:  5    Dex: 13

rFire   + + .      SeeInvis .   a - +1 hand axe (elec)
rCold   x . .      Faith    .   c - +0 buckler
rNeg    . . .      Spirit   .   q - +0 scale mail
rPois   ∞          Reflect  .   (no helmet)
rElec   .          Harm     .   (no cloak)
rCorr   .          Rampage  .   (no gloves)
Will    .....                   (boots unavailable)
Stlth   ..........              (no amulet)
HPRegen 0.20/turn               (no ring)
MPRegen 0.00/turn               (no ring)

@: flying
A: sickness immunity, fire resistance 2, cold vulnerability 1, float, innate
caster, HP casting, extra vitality 1
a: no special abilities


You were on level 6 of the Dungeon.
You visited 1 branch of the dungeon, and saw 6 of its levels.

You collected 211 gold pieces.

Inventory:

Hand Weapons
 a - a +1 hand axe of electrocution (weapon)
 b - a +0 sling
 j - a +0 spear
 A - a +0 rapier
 D - a +1 short sword of draining
 G - a +0 long sword
 J - a +0 shortbow
 K - a +2 hand axe of freezing
Armour
 c - a +0 buckler (worn)
 o - a +0 leather armour
 p - a +0 robe
 q - a +0 scale mail (worn)
Magical Staves
 s - a staff of cold
Wands
 v - a wand of digging (5)
 y - a wand of light (9)
 H - a wand of flame (15)
Scrolls
 h - 7 scrolls of identify {unknown}
 i - 3 scrolls of teleportation {unknown}
 l - 2 scrolls of immolation {unknown}
 n - 2 scrolls of fear {unknown}
 t - 3 scrolls of poison {unknown}
 u - 3 scrolls of blinking {unknown}
 w - a scroll of summoning {unknown}
 x - a scroll of magic mapping {unknown}
 B - a scroll of enchant weapon {unknown}
 C - a scroll of fog {unknown}
 F - a scroll of brand weapon {unknown}
Potions
 d - 3 potions of might
 e - 2 potions of curing {unknown}
 f - 2 potions of lignification {unknown}
 g - a potion of mutation {unknown}
 k - 3 potions of degeneration {unknown}
 m - 2 potions of haste {unknown}
 r - a potion of brilliance {unknown}
 z - 2 potions of cancellation {unknown}
 E - a potion of ambrosia {unknown}
 I - a potion of magic {unknown}


   Skills:
 * Level 5.5 Fighting
 - Level 2.2 Long Blades
 + Level 3.4 Axes
 + Level 5.4 Armour
 + Level 2.1 Dodging
 + Level 4.1 Shields
 * Level 2.6 Spellcasting


You had 6 spell levels left.
You knew the following spells:

 Your Spells              Type           Power      Damage    Failure   Level
a - Freeze                Ice            32%        1d5       36%         1
b - Poisonous Vapours     Pois/Air       16%        N/A       52%         2
c - Gell's Gravitas       Tloc           8%         N/A       75%         3
Your spell library was empty.

Dungeon Overview and Level Annotations

Branches:
Dungeon (6/15)
 Temple: D:4-7

Altars:
Elyvilon
Fedhas
Wu Jian
Xom
Yredelemnul
Zin

Shops:
D:4 [


Innate Abilities, Weirdness & Mutations

You are immune to sickness and miasma.
You are immune to poison.
Your flesh is very heat resistant. (rF++)
You are vulnerable to cold. (rC-)
You float through the air rather than walking.
You learn spells naturally, not from books.
Your magical power is your life essence.
You have superior vitality. (+4 MHP)


Message History

You see here 6 stones.
There is an open door here.
An iguana comes into view.
Your +1 hand axe of electrocution stops crackling.
b - a +0 sling (weapon)
The iguana hisses angrily.
You shoot a sling bullet.
The sling bullet hits the wight but does no damage.
You see here a +0 robe.
You hear the crackle of electricity.
a - a +1 hand axe of electrocution (weapon)
The wight barely misses you.
You barely miss the wight. The wight barely misses you.
You closely miss the wight.
The wight hits you with a +4 scimitar of freezing!
The wight freezes you.
You barely miss the wight. The wight barely misses you.
You hit the wight.
The wight is lightly damaged.
You hit the iguana but do no damage. Lightning courses through the iguana!
The iguana closely misses you.
The wight hits you with a +4 scimitar of freezing!
The wight freezes you.
The wight hits you with a +4 scimitar of freezing.
The wight freezes you. You block the iguana's attack.
You barely miss the wight.
The wight is lightly damaged.
You hit the iguana but do no damage. Lightning courses through the iguana!
You kill the iguana!
The wight barely misses you.
You barely miss the wight.
The wight is lightly damaged.
The wight hits you with a +4 scimitar of freezing!
* * * LOW HITPOINT WARNING * * *
The wight freezes you.
* * * LOW HITPOINT WARNING * * *
You hit the wight.
The wight is heavily damaged.
The wight hits you with a +4 scimitar of freezing.
You die...

#################################
#.........#............#....#....
#.........'............#....#....
#.........#.(..........'....#....
##........#.....).<....#....'....
##.......####'##..)....#....#....
#........##...##.......##...##...
#....†...#>...##@......##...##...
#........#.....z†...........##...
#.......z#..................##...
#........#..................'<..<
#........##...###########...#....
#........##...# #...#....
#.............. ##'######
#............... ##...##...
#................ #....#....


You could see a wight.

Vanquished Creatures
  A water moccasin (D:5)
  A centaur (D:6)
  A phantom (D:4)
  A bullfrog (D:6)
  A gnoll sergeant (D:5)
  3 scorpions
  A necrophage (D:4)
  A wight (D:6)
  3 howler monkeys
  A jelly (D:5)
  Ijyb (D:3)
  3 iguanas
  An orc wizard (D:5)
  10 adders
  3 gnolls
  A shadow imp (D:5)
  2 worms
  2 dart slugs (D:2)
  11 orcs
  2 ball pythons
  10 endoplasms
  3 giant cockroaches
  4 goblins
  5 hobgoblins
  2 jackals (D:5)
  7 kobolds
  3 quokkas
  5 bats
  2 frilled lizards (D:2)
  6 rats
97 creatures vanquished.

Notes
Turn   | Place    | Note
-------+----------+-------------------------------------------
     0 | D:1      | jimonade the Djinni Fighter began the quest for the Orb.
     0 | D:1      | Reached XP level 1. HP: 20/20 MP: 0/0
   129 | D:1      | Reached XP level 2. HP: 19/25 MP: 0/0
   443 | D:1      | You are sucked into a shaft and drop 1 floor!
  1423 | D:2      | Reached XP level 3. HP: 30/30 MP: 0/0
  1423 | D:2      | Learned a level 1 spell: Freeze
  1728 | D:2      | Reached XP level 4. HP: 35/35 MP: 0/0
  2505 | D:3      | Noticed Ijyb
  2516 | D:3      | Killed Ijyb
  3011 | D:3      | Reached XP level 5. HP: 40/40 MP: 0/0
  3011 | D:3      | Learned a level 2 spell: Poisonous Vapours
  3253 | D:4      | Reached skill level 1 in Axes
  3262 | D:4      | Noticed a phantom
  3568 | D:4      | Killed a phantom
  3569 | D:4      | Reached skill level 1 in Dodging
  3569 | D:4      | Reached skill level 1 in Spellcasting
  3569 | D:4      | Reached XP level 6. HP: 8/47 MP: 0/0
  4182 | D:4      | Reached XP level 7. HP: 52/52 MP: 0/0
  4182 | D:4      | Learned a level 3 spell: Gell's Gravitas
  4347 | D:4      | Found Eliymeav's Antique Armour Shop.
  4758 | D:5      | Entered Level 5 of the Dungeon
  4776 | D:5      | Found an ornate altar of the Wu Jian Council.
  4807 | D:5      | Found a glowing silver altar of Zin.
  4812 | D:5      | Noticed a water moccasin
  4828 | D:5      | Killed a water moccasin
  5294 | D:5      | Found a blossoming altar of Fedhas.
  5344 | D:5      | Reached skill level 5 in Armour
  5344 | D:5      | Reached XP level 8. HP: 58/58 MP: 0/0
  5540 | D:5      | Found a basalt altar of Yredelemnul.
  5552 | D:5      | Found a shimmering altar of Xom.
  5792 | D:5      | Found a white marble altar of Elyvilon.
  5851 | D:5      | Reached skill level 5 in Fighting
  7020 | D:6      | Slain by a wight

Illustrated notes

Levels and vault maps discovered:
D:1:      erik_arrival_cave_to_civilisation [erik_arrival_cave_to_hall],
          layout_basic, chequers_serial_rivers_small_b
D:2:      layout_loops_ring, chequers_serial_rivers_marsh,
          kennysheep_generic_room_12
D:3:      minmay_angry_zag, layout_loops_cross, uniq_ijyb
D:4:      layout_basic, nicolae_vehumet_radiance, serial_shops, shop_fountains,
          minmay_misc_feat_roman
D:5:      layout_cave_pods, mainiacjoe_overflow_alcove_2,
          mainiacjoe_overflow_chevrons, mainiacjoe_overflow_catch_the_wave,
          amethyst_overflow_temple_binary
D:6:      layout_gridville, lexackson_kobold_supper

Skill      XL: |  1  2  3  4  5  6  7  8 |
---------------+-------------------------+-----
Long Blades    | 2 |  2.2
Axes           | 1 2 3 |  3.4
Fighting       | 4 5 |  5.5
Dodging        | 1 2 |  2.1
Spellcasting   | 1 2 |  2.6
Armour         | 4 5 |  5.4
Shields        | 4 |  4.1

Action                   |  1- 3 |  4- 6 |  7- 9 || total
-------------------------+-------+-------+-------++-------
Melee: Long sword        |   114 |       |       ||   114
       Hand axe          |     1 |    97 |   179 ||   277
 Fire: Sling             |       |       |     1 ||     1
Armor: Scale mail        |    58 |    32 |    76 ||   166
Dodge: Dodged            |    62 |    38 |    71 ||   171
Block: Buckler           |    37 |     9 |    51 ||    97

Table legend: (Time is in decaauts)
 A = Elapsed time spent in this place.
 B = Non-inter-level travel time spent in this place.
 C = Inter-level travel time spent in this place.
 D = Time resting spent in this place.
 E = Time spent auto-exploring this place.
 F = Levels seen in this place.
 G = Mean time per level.
                   A        B        C        D        E       F      G
               +--------+--------+--------+--------+--------+-----+--------+
         Total |   7128 |   6860 |    268 |   1389 |   4363 |   6 | 1188.0 |
       Dungeon |   7128 |   6860 |    268 |   1389 |   4363 |   6 | 1188.0 |
               +--------+--------+--------+--------+--------+-----+--------+

Top non-repeatable levels by time:
     D:5: 1544 daAuts
     D:3: 1326 daAuts
     D:1: 1251 daAuts
     D:2: 1212 daAuts
     D:4: 1047 daAuts
     D:6: 745 daAuts
